Map: 뉴 리퍼그넌시 - 래더

Players

TYTY (TY) - Winner!

  • Race: Terran Terran
  • Spawn Location: 1:00

uThermal

  • Race: Terran Terran
  • Spawn Location: 7:00

Event: IEM Season 13: Katowice (2019)

VOD

Have the link to the VOD?

Description

Time

  • Played on: March 1, 2019, 10:14 a.m.
  • Length: 4:41

All games in this series

Show
View Real Time Build Order
Export as new Build Order

TYTY Terran - Winner!

Build Orders: 1/1/1, Liberator Opening 

Get SALT Encoding   

  12  0:00  SCV  
  13  0:12  SCV  
  14  0:17  Supply Depot  
  14  0:24  SCV  
  15  0:29  Refinery  
  15  0:39  SCV  
  16  0:44  Barracks  
  16  0:51  SCV  
  16  0:55  Refinery  
  17  1:03  SCV  
  18  1:15  SCV  
  20  1:32  Factory  
  20  1:33  Orbital Command  
  20  1:36  Reaper  
  20  1:54  Supply Depot  
  20  1:58  SCV  
  21  2:08  Marine  
  23  2:16  Starport  
  23  2:18  Hellion  
  24  2:26  Marine  
  24  2:28  SCV  
  25  2:35  Liberator  
  25  2:41  Hellion  
  25  2:43  Marine  
  31  3:01  Marine  
  31  3:05  Hellion  
  29  3:18  Supply Depot  
  29  3:19  Marine  
  30  3:27  Hellion  
  30  3:28  Liberator  
  30  3:30  Engineering Bay  
  33  3:48  Hellion  
  33  3:50  Marine  
  33  3:55  SCV  
  33  4:08  SCV  
  33  4:09  Marine  
  34  4:10  Hellion  
  34  4:12  Supply Depot  
  36  4:20  SCV  
Show
View Real Time Build Order
Export as new Build Order

uThermal Terran 

Build Orders:  

Get SALT Encoding   

  12  0:03  SCV  
  13  0:15  Supply Depot  
  13  0:18  SCV  
  14  0:42  Barracks  
  14  0:43  Refinery  
  14  0:55  Barracks  
  14  1:00  SCV  
  15  1:12  SCV  
  16  1:24  SCV  
  17  1:25  Refinery  
  17  1:29  Reaper  
  18  1:43  Reaper, Orbital Command  
  19  1:54  Supply Depot  
  19  2:01  Reaper  
  20  2:15  Reaper  
  21  2:24  Bunker  
  20  2:33  Reaper  
  20  2:37  SCV  
  21  2:47  Reaper  
  21  2:49  SCV  
  23  3:05  Reaper  
  23  3:08  Factory, SCV  
  22  3:19  Reaper  
  23  3:20  SCV  
  24  3:32  SCV, Supply Depot  
  25  3:37  Reaper  
  26  3:44  SCV  
  25  3:51  Reaper  
  25  3:52  Widow Mine  
  23  3:57  SCV  
  21  4:09  SCV  

Tags
 
Add a new tag
Caveats
  • Supply blocks, unpowered buildings, or Contaminate may cause inaccurate times.
  • Supply counts are checked every 10 seconds.